 Dungeon Crawl Stone Soup version 0.26-a0-778-g3fe0686644 (webtiles) character file.

Game seed: 3871947685019383493

256 lonewolf22212 the Cudgeler (level 6, -2/37 HPs)
             Began as a Gargoyle Gladiator on Oct 6, 2020.
             Was an Initiate of Makhleb.
             Slain by an iguana (11 damage)
             ... on level 4 of the Dungeon on Nov 9, 2020.
             The game lasted 00:13:37 (4255 turns).

lonewolf22212 the Cudgeler (Gargoyle Gladiator)     Turns: 4255, Time: 00:13:38

Health: -2/37      AC:  8    Str: 20    XL:     6   Next: 15%
Magic:  6/6        EV: 12    Int:  8    God:    Makhleb [......]
Gold:   130        SH:  0    Dex: 11    Spells: 5/5 levels left

rFire    x . .     SeeInvis .   a - +0 flail
rCold    + . .     Faith    .   (no shield)
rNeg     + . .     Spirit   .   b - +0 leather armour
rPois    ∞         Reflect  .   c - +0 helmet
rElec    +         Harm     .   (no cloak)
rCorr    .         Rampage  .   (no gloves)
MR       .....                  (no boots)
Stlth    +.........             t - amulet of regeneration
HPRegen  0.52/turn              r - ring of ice
MPRegen  0.10/turn              (no ring)

@: no status effects
A: negative energy resistance 1, electricity resistance, unbreathing,
petrification resistance, rot immunity, AC +4
a: Renounce Religion


You were on level 4 of the Dungeon.
You worshipped Makhleb.
Makhleb was noncommittal.
You visited 1 branch of the dungeon, and saw 4 of its levels.

You collected 130 gold pieces.

Inventory:

Hand Weapons
 a - a +0 flail (weapon)
Missiles
 d - 3 throwing nets (quivered)
Armour
 b - a +0 leather armour (worn)
 c - a +0 helmet (worn)
Jewellery
 n - an uncursed amulet of faith
 r - a ring of ice (left hand)
 t - an amulet of regeneration (around neck)
Wands
 q - a wand of flame (7)
Scrolls
 h - 2 scrolls of amnesia {unknown}
 i - 2 scrolls of enchant weapon
 j - a scroll of noise {unknown}
 m - 2 scrolls of remove curse
 o - 2 scrolls of random uselessness {unknown}
 p - a scroll of immolation {unknown}
 s - a scroll of fear {unknown}
 u - 2 scrolls of teleportation
Potions
 e - a potion of flight
 f - 4 potions of curing
 g - a potion of invisibility {unknown}
 k - a potion of magic {unknown}
 l - 2 potions of might


   Skills:
 + Level 3.3 Fighting
 + Level 5.0 Maces & Flails
 + Level 2.0 Throwing
 + Level 1.9 Armour
 + Level 3.2 Dodging
 + Level 0.6 Stealth


You had 5 spell levels left.
You didn't know any spells.
Your spell library was empty.

Dungeon Overview and Level Annotations

Branches:
Dungeon (4/15)
 Temple: D:4-7

Altars:
Ashenzari
Hepliaklqana
Makhleb
Trog
Vehumet
Xom


Innate Abilities, Weirdness & Mutations

You are resistant to torment.
Your stone body is resilient. (AC +4)
You are immune to poison.
You resist negative energy. (rN+)
You are resistant to electric shocks. (rElec)
You can survive without breathing.
You are immune to petrification.
You are immune to rotting.


Message History

The adder barely misses you. The scorpion stings you. The iguana bites you.
You barely miss the scorpion.
The scorpion is heavily wounded.
The adder bites you but does no damage.
The scorpion stings you but does no damage.
The iguana bites you. The adder bites you.
You hit the scorpion.
The scorpion is severely wounded.
The scorpion closely misses you. The adder bites you but does no damage.
The iguana bites you but does no damage.
You hit the scorpion but do no damage.
The scorpion is severely wounded.
The adder bites you but does no damage. The scorpion closely misses you.
The iguana bites you. The adder closely misses you.
You hit the scorpion but do no damage.
The scorpion is severely wounded.
The scorpion stings you.
* * * LOW HITPOINT WARNING * * *
The iguana bites you!
You die...

............#
...........#
....!.....$#
...........#
#.....?†...#
##.....#...# #....##.o.#
#.... #lsS#######
......##.@.......#
.................#
.................#
.................#######
.######........'.....#
............#####.#
.............# #.#
....((.......# #.#
############## #.#


You could see a scorpion, an iguana, an adder and an orc.

Vanquished Creatures
  A crimson imp (D:3)
  An orc priest (D:2)
  Jessica (D:3)
  Ijyb (D:3)
  3 adders
  An ooze (D:1)
  2 worms (D:2)
  6 dart slugs
  4 leopard geckos
  8 orcs
  2 ball pythons
  4 giant cockroaches
  8 goblins
  10 hobgoblins
  3 jackals (D:3)
  A quokka (D:3)
  8 bats
  7 frilled lizards
  6 kobolds
  A quokka skeleton (D:3)
  7 rats
85 creatures vanquished.

Notes
Turn   | Place    | Note
-------+----------+-------------------------------------------
     0 | D:1      | lonewolf22212 the Gargoyle Gladiator began the quest for
                  | the Orb.
     0 | D:1      | Reached XP level 1. HP: 12/12 MP: 1/1
   138 | D:1      | Reached XP level 2. HP: 15/17 MP: 2/2
   675 | D:1      | Reached XP level 3. HP: 18/22 MP: 3/3
  1275 | D:2      | Reached skill level 4 in Maces & Flails
  1275 | D:2      | Reached XP level 4. HP: 19/27 MP: 4/4
  1374 | D:2      | Found a bloodstained altar of Trog.
  1375 | D:2      | Found a broken altar of Ashenzari.
  1625 | D:2      | Reached skill level 1 in Armour
  2268 | D:2      | Found a shimmering altar of Xom.
  2274 | D:2      | Found a hazy altar of Hepliaklqana.
  2275 | D:2      | Noticed a spectral ugly thing
  2415 | D:2      | Reached XP level 5. HP: 31/31 MP: 5/5
  2833 | D:3      | Noticed Ijyb
  2858 | D:3      | Killed Ijyb
  3205 | D:3      | Upgraded the game from 0.26-a0-660-gc07710193c to
                  | 0.26-a0-778-g3fe0686644
  4057 | D:3      | Found a burning altar of Makhleb.
  4058 | D:3      | Found a radiant altar of Vehumet.
  4097 | D:3      | Became a worshipper of Makhleb the Destroyer
  4105 | D:3      | Noticed Jessica
  4113 | D:3      | Killed Jessica
  4113 | D:3      | Reached skill level 5 in Maces & Flails
  4113 | D:3      | Reached XP level 6. HP: 37/37 MP: 6/6
  4255 | D:4      | Slain by an iguana

Illustrated notes

Levels and vault maps discovered:
D:1:      psy_arrival_spokes, layout_basic
D:2:      layout_loops_corners, regret_index_temple_of_mockery,
          chequers_temple_overflow_statue_of_worship
D:3:      layout_basic, grunt_temple_overflow_lords_of_destruction,
          uniq_jessica, uniq_ijyb
D:4:      layout_basic, minmay_temple_entry_poolview, grunt_ministairs_9,
          minivault_4, uniq_natasha

Skill      XL: |  1  2  3  4  5 |
---------------+----------------+-----
Throwing       | 2 |  2.0
Maces & Flails | 4 5 |  5.0
Dodging        | 3 |  3.2
Armour         | 1 |  1.9
Fighting       | 3 |  3.3
Stealth        | |  0.6

Action                   |  1- 3 |  4- 6 || total
-------------------------+-------+-------++-------
Melee: Flail             |   115 |   254 ||   369
  Use: Scroll            |       |     6 ||     6
       Potion            |       |     2 ||     2
Armor: Leather armour    |    52 |   102 ||   154
Dodge: Dodged            |    71 |   194 ||   265

Table legend: (Time is in decaauts)
 A = Elapsed time spent in this place.
 B = Non-inter-level travel time spent in this place.
 C = Inter-level travel time spent in this place.
 D = Time resting spent in this place.
 E = Time spent auto-exploring this place.
 F = Levels seen in this place.
 G = Mean time per level.
                   A        B        C        D        E       F      G
               +--------+--------+--------+--------+--------+-----+--------+
         Total |   4325 |   4325 |      0 |    377 |   2702 |   4 | 1081.2 |
       Dungeon |   4325 |   4325 |      0 |    377 |   2702 |   4 | 1081.2 |
               +--------+--------+--------+--------+--------+-----+--------+

Top non-repeatable levels by time:
     D:2: 1694 daAuts
     D:3: 1399 daAuts
     D:1: 1183 daAuts
     D:4: 47 daAuts
